 Dungeon Crawl Stone Soup version 0.28-a0-1447-ga5a8893891 (webtiles) character file.

Game seed: 3801682794031310301

85 lonewolfV2 the Ruffian (level 4, -5/38 HPs)
             Began as a Ghoul Gladiator on Jan 11, 2022.
             Slain by Terence (8 damage)
             ... on level 2 of the Dungeon.
             The game lasted 00:04:55 (2167 turns).

lonewolfV2 the Ruffian (Ghoul Gladiator)            Turns: 2167, Time: 00:04:55

Health: -5/38      AC:  4    Str: 19    XL:     4   Next: 48%
Magic:  3/3        EV: 12    Int:  3    God:
Gold:   52         SH:  0    Dex: 10    Spells: 3/3 levels left

rFire   . . .      SeeInvis .   d - +3 short sword
rCold   + . .      Faith    .   e - orb {*Rage}
rNeg    + + +      Spirit   .   a - +0 leather armour
rPois   ∞          Reflect  .   b - +0 helmet
rElec   .          Harm     .   (no cloak)
rCorr   .          Rampage  .   (no gloves)
Will    .....                   (no boots)
Stlth   +.........              (no amulet)
HPRegen 0.00/turn               (no ring)
MPRegen 0.08/turn               (no ring)

@: inhibited regen
A: claws 1, cold resistance 1, negative energy resistance 3, inhibited
regeneration, torment resistance 2
a: no special abilities


You were on level 2 of the Dungeon.
You visited 1 branch of the dungeon, and saw 2 of its levels.

You collected 52 gold pieces.

Inventory:

Hand Weapons
 d - a +3 short sword (weapon)
Missiles
 c - 3 throwing nets (quivered)
Armour
 a - a +0 leather armour (worn)
 b - a +0 helmet (worn)
 e - an orb of wrath (worn)
Scrolls
 f - 4 scrolls of teleportation
Potions
 h - a potion of might {unknown}


   Skills:
 + Level 3.0 Fighting
 + Level 1.0 Short Blades
 + Level 1.8 Throwing
 + Level 1.2 Armour
 + Level 3.2 Dodging
 + Level 0.5 Stealth
 + Level 3.8 Unarmed Combat


You had 3 spell levels left.
You didn't know any spells.
Your spell library contained the following spells:

 Spells                   Type           Power      Damage    Failure   Level
 Call Canine Familiar     Summ           0%         N/A       91%         3
 Portal Projectile        Hex/Tloc       0%         N/A       91%         3
 Leda's Liquefaction      Hex/Erth       0%         N/A       100%        4


Dungeon Overview and Level Annotations

Branches:
Dungeon (2/15)

Altars:

Annotations:
D:2 Terence


Innate Abilities, Weirdness & Mutations

You thrive by killing the living.
You are immune to poison.
You have sharp fingernails.
Your flesh is cold resistant. (rC+)
You are immune to negative energy. (rN+++)
You do not regenerate when monsters are visible.
You are immune to unholy pain and torment.


Message History

The bat hits you but does no damage.
You hit the bat.
You kill the bat!
Your Short Blades skill increases to level 1!
You now have 52 gold pieces (gained 16).
As you read the scroll labelled KUGODULYPS, it crumbles to dust.
You hear a loud clanging noise!
It was a scroll of noise.
There is a shaft here.
You see here 21 sling bullets.
There is a stone staircase leading down here.
Terence the Incautious comes into view.
He is wielding a +0 trident.
Terence shouts!
Terence is nearby!
Terence closely misses you. Terence closely misses you.
You hit Terence but do no damage. Terence barely misses you.
You barely miss Terence. Terence hits you with a +0 trident.
You hit Terence but do no damage. Terence hits you with a +0 trident.
You closely miss Terence. Terence hits you with a +0 trident!
You hit Terence.
Terence is lightly wounded.
Terence hits you with a +0 trident!
You barely miss Terence.
Terence is lightly wounded.
Terence completely misses you.
You barely miss Terence.
Terence is lightly wounded.
Terence barely misses you.
You hit Terence but do no damage.
Terence is lightly wounded.
Terence hits you with a +0 trident.
You hit Terence but do no damage.
Terence is lightly wounded.
Terence barely misses you. Terence hits you with a +0 trident!
* * * LOW HITPOINT WARNING * * *
You barely miss Terence.
Terence is lightly wounded.
Terence hits you with a +0 trident!
You die...

...#.#.#.#...........#.#.........
#.......(.....#.######.########.#
..##.....#.#.##.######.########.#
#####..#.#..........##..........#
..# #..#.###..#.###.#############
#.# #..#.#..............# #.#
#..#.#.#.[......###.# # #
##.#.#.#.##########.# #
#.#.#......@@....#.# #
#...##...#######.#.# # #........#
#.# # ####..##...# #.# #
...........# #.# # #####.#....#
#.# # #...#.##########.# ###
#..##.##..<..[...#
..#######.##.##.#########


You could see Terence.

Vanquished Creatures
  An adder (D:2)
  A worm (D:2)
  2 dart slugs (D:1)
  7 ball pythons
  6 bats
  3 endoplasms
  3 goblins
  2 hobgoblins (D:1)
  3 jackals (D:1)
  A quokka (D:2)
  A frilled lizard (D:2)
  5 kobolds
  4 rats
39 creatures vanquished.

Vanquished Creatures (collateral kills)
  An iguana (D:2)
  A giant cockroach (D:2)
2 creatures vanquished.

Vanquished Creatures (others)
  4 plants (D:1)
4 creatures vanquished.

Grand Total: 45 creatures vanquished

Notes
Turn   | Place    | Note
-------+----------+-------------------------------------------
     0 | D:1      | lonewolfV2 the Ghoul Gladiator began the quest for the Orb.
     0 | D:1      | Reached XP level 1. HP: 17/17 MP: 0/0
   229 | D:1      | Reached XP level 2. HP: 9/25 MP: 1/1
   824 | D:1      | Reached XP level 3. HP: 30/30 MP: 2/2
  1534 | D:2      | Found a faded altar of an unknown god.
  1582 | D:2      | Reached skill level 1 in Armour
  1582 | D:2      | Reached XP level 4. HP: 18/37 MP: 3/3
  2033 | D:2      | Reached skill level 1 in Short Blades
  2153 | D:2      | Noticed Terence
  2167 | D:2      | Slain by Terence

Illustrated notes

Levels and vault maps discovered:
D:1:      matt_arrival_spirals, layout_rooms, serial_forest,
          infiniplex_forest_clump_long, infiniplex_forest_lined_3,
          infiniplex_forest_straight_2, infiniplex_forest_straight_2,
          infiniplex_forest_straight_2, minmay_quantized
D:2:      layout_basic, hellmonk_ecumenical_altar_run_dry, serial_glass,
          glass_columns_b, glass_columns_c, glass_columns_a, glass_columns_a,
          nicolae_figureground_pulse, uniq_terence

Skill      XL: |  1  2  3  4 |
---------------+-------------+-----
Dodging        | 3 |  3.2
Armour         | 1 |  1.2
Fighting       | 3 |  3.0
Short Blades   | 1 |  1.0
Throwing       | |  1.8
Stealth        | |  0.5
Unarmed Combat | |  3.8

Action                   |  1- 3 |  4- 6 || total
-------------------------+-------+-------++-------
Melee: Unarmed           |    23 |       ||    23
       Short sword       |    58 |    38 ||    96
  Use: Scroll            |     3 |     2 ||     5
Armor: Leather armour    |    33 |     6 ||    39
Dodge: Dodged            |    80 |    35 ||   115

Table legend: (Time is in decaauts)
 A = Elapsed time spent in this place.
 B = Non-inter-level travel time spent in this place.
 C = Inter-level travel time spent in this place.
 D = Time resting spent in this place.
 E = Time spent auto-exploring this place.
 F = Levels seen in this place.
 G = Mean time per level.
                   A        B        C        D        E       F      G
               +--------+--------+--------+--------+--------+-----+--------+
         Total |   2172 |   2125 |     47 |    372 |   1360 |   2 | 1086.0 |
       Dungeon |   2172 |   2125 |     47 |    372 |   1360 |   2 | 1086.0 |
               +--------+--------+--------+--------+--------+-----+--------+

Top non-repeatable levels by time:
     D:1: 1334 daAuts
     D:2: 838 daAuts
